AoeStats
← 公鸡神探

Arena

509877850Analyzed
4v4 RM · 3d ago on Sep 28, 2026· 56m 5s· 8 players
Game mode
Random Map
Map size
Large (8 player)
Population
200
Speed
Normal
Resources
Standard
Victory
Conquest
Starting age
Dark Age
Ending age
Imperial Age
RankedLock teamsTeams togetherTeam positionsShared explorationLock speedFull tech treeHidden civsTurbo modeCheats
Victory
Defeat
🇨🇳 Huns · China
1162
+15
🇨🇳 Vietnamese · China
1147
+16
🇨🇳 Romans · China
1129
+17
1099
+18
🇹🇼 Japanese · Taiwan
1149
-17
🇫🇷 Italians · France
1148
-17
🇩🇪 Khmer · Germany
1138
-16
🇦🇷 Sicilians · Argentina
1131
-16
青青草原懒大王
12:15 Feudal Age
13:12 Double-Bit Axe
16:33 Castle Age
17:15 Fletching
17:07 Crossbowman
24:04 Padded Archer Armor
26:00 Horse Collar
28:28 Thumb Ring
28:38 Bodkin Arrow
30:43 Wheelbarrow
31:51 Ballistics
37:06 Imperial Age
35:43 Gold Mining
35:46 Stone Mining
37:15 Arbalester
38:38 Conscription
38:30 Squires
40:05 Bracer
40:20 Leather Archer Armor
40:39 Hand Cart
42:00 Bow Saw
42:48 Onager
44:59 Chemistry
44:05 Siege Engineers
47:30 Ring Archer Armor
49:00 Elite Skirmisher
51:57 Fortified Wall
51:43 Murder Holes
52:02 Forging
51:58 Scale Barding Armor
53:44 Two-Man Saw
52:53 Heavy Plow
53:19 Husbandry
52:39 Heavy Camel Rider
53:29 Caravan
56:09 Coinage
56:04 Light Cavalry
公鸡神探
10:53 Feudal Age
14:29 Castle Age
13:58 Loom
17:37 Horse Collar
17:50 Double-Bit Axe
24:14 Bow Saw
28:19 Imperial Age
26:56 Man-at-Arms
27:37 Squires
28:29 Scale Mail Armor
28:40 Forging
28:22 Long Swordsman
28:53 Capped Ram
29:08 Legionary
29:15 Legionary
31:22 Chain Mail Armor
31:42 Iron Casting
32:33 Onager
33:28 Siege Engineers
33:44 Ballistics
34:49 Siege Ram
35:59 Conscription
40:34 Blast Furnace
45:14 Pikeman
46:02 Caravan
46:44 Halberdier
47:47 Ballistas
不知天上水
11:15 Feudal Age
15:00 Castle Age
12:54 Double-Bit Axe
13:28 Horse Collar
17:24 Bow Saw
21:26 Heavy Plow
23:58 Wheelbarrow
28:37 Imperial Age
26:32 Hand Cart
26:40 Gold Mining
26:41 Stone Mining
27:12 Scale Barding Armor
27:17 Forging
28:23 Gold Shaft Mining
28:46 Chain Barding Armor
28:39 Husbandry
28:53 Bloodlines
29:45 Iron Casting
28:41 Cavalier
30:45 Plate Barding Armor
30:24 Guilds
31:47 Two-Man Saw
30:16 Paladin
32:13 Conscription
34:14 Blast Furnace
33:12 Capped Ram
34:47 Siege Ram
36:03 Light Cavalry
39:55 Hussar
48:00 Coinage
47:32 Caravan
51:26 Banking
51:27 Fletching
54:10 Bodkin Arrow
55:18 Chemistry
54:39 Ballistics
无甲的joe
10:30 Feudal Age
14:14 Castle Age
12:07 Double-Bit Axe
12:55 Horse Collar
15:32 Fletching
26:14 Scale Mail Armor
26:24 Forging
35:06 Imperial Age
33:11 Wheelbarrow
33:06 Bow Saw
35:02 Gold Mining
35:18 Heavy Plow
37:51 Chemistry
38:45 Pikeman
39:26 Squires
39:11 Arson
40:46 Wheelbarrow
39:57 Town Watch
41:14 Two-Man Saw
39:49 Halberdier
41:44 Ballistics
42:05 Siege Engineers
46:30 Chain Mail Armor
46:50 Iron Casting
49:30 Iron Casting
52:53 Elite Skirmisher
AirOne
9:49 Feudal Age
14:22 Castle Age
12:34 Double-Bit Axe
12:42 Stone Mining
13:11 Loom
15:28 Fletching
23:20 Bodkin Arrow
25:37 Horse Collar
27:27 Padded Archer Armor
30:06 Wheelbarrow
30:35 Gold Mining
35:04 Imperial Age
34:05 Leather Archer Armor
34:22 Hand Cart
34:30 Masonry
34:36 Squires
34:21 Arson
35:04 Bow Saw
35:05 Scale Mail Armor
35:47 Stone Shaft Mining
35:04 Town Watch
36:47 Chemistry
36:27 Conscription
36:49 Bracer
38:04 Heavy Plow
38:46 Thumb Ring
38:47 Elite Genoese Crossbowman
39:42 Pirotechnia
40:17 Ring Archer Armor
40:37 Treadmill Crane
43:44 Two-Man Saw
42:48 Town Patrol
43:24 Architecture
44:05 Crop Rotation
45:36 Ballistics
45:12 Murder Holes
45:28 Fortified Wall
51:48 Chain Mail Armor
51:43 Forging
55:13 Plate Mail Armor
Kuro
9:30 Loom
11:40 Feudal Age
12:15 Feudal Age
13:14 Horse Collar
17:02 Castle Age
16:08 Double-Bit Axe
17:27 Scale Mail Armor
17:41 Man-at-Arms
19:35 Long Swordsman
22:31 Gambesons
22:37 Arson
24:32 Squires
27:07 Chain Mail Armor
29:53 Heavy Plow
31:08 Fletching
32:12 Bow Saw
32:05 Elite Skirmisher
33:01 Pikeman
34:46 Bodkin Arrow
35:31 Padded Archer Armor
37:14 Thumb Ring
38:51 Wheelbarrow
40:11 Ballistics
40:02 Fortified Wall
44:15 Imperial Age
47:47 Conscription
49:12 Halberdier
53:05 Gold Mining
55:15 Plate Mail Armor
54:56 Forging
LLBHLJ
9:49 Feudal Age
11:28 Loom
15:12 Castle Age
13:35 Double-Bit Axe
14:00 Horse Collar
21:31 Heavy Plow
21:25 Town Watch
22:59 Bow Saw
28:30 Imperial Age
26:48 Wheelbarrow
26:46 Town Patrol
26:49 Gold Mining
26:55 Stone Mining
28:46 Hand Cart
28:47 Heavy Scorpion
30:35 Chemistry
29:27 Fletching
29:38 Padded Archer Armor
30:35 Gold Shaft Mining
30:34 Crop Rotation
31:20 Double Crossbow
34:51 Bodkin Arrow
35:11 Leather Archer Armor
35:14 Siege Engineers
34:57 Cavalier
35:38 Husbandry
39:15 Light Cavalry
40:06 Bloodlines
43:40 Hussar
Mknolix
10:12 Feudal Age
14:16 Castle Age
13:44 Double-Bit Axe
13:43 Horse Collar
13:52 Loom
14:43 Wheelbarrow
15:34 Bow Saw
20:35 Heavy Plow
24:03 Scale Mail Armor
25:18 Hand Cart
24:52 Town Watch
26:51 Masonry
26:47 Squires
26:37 Arson
27:13 Chain Mail Armor
29:20 Forging
31:47 Imperial Age
31:01 First Crusade
32:34 Iron Casting
32:46 Siege Engineers
32:21 Elite Serjeant
33:23 Conscription
34:21 Plate Mail Armor
33:33 Capped Ram
34:00 Pikeman
36:06 Blast Furnace
35:35 Halberdier
36:12 Siege Ram
38:30 Coinage
39:44 Crop Rotation
47:37 Fletching
52:37 Banking
52:21 Bloodlines
52:12 Husbandry
51:32 Cavalier
51:36 Light Cavalry
53:03 Scale Barding Armor
55:05 Chain Barding Armor
Connection lost

Rejoining the realm…

Still unreachable

The connection could not be restored.

Session expired

The server has moved on; the page needs a fresh start.